cohdb
Replays
Latest Replays
All Replays
Popular Replays
Top Player Replays
Match Explorer
How It Works
Community
CoH3 Stats
Reddit
Sign in to upload your games and track your stats! →
Sign in with Steam
Match 44741147
Unlisted
Match 44741147
Overview
Messages
Build Orders
End
Selects Italian Combined Arms Battlegroup
Selects Bersaglieri Squad
Bersaglieri Squad
Kradschützen Motorcycle Team
Bersaglieri Squad
Construct Light Support Kompanie
Bersaglieri Squad
Fire Support Elements
Veteran Squad Leaders
Selects Bersaglieri Bolster
2.5-tonne Medical Truck
Panzerjäger Mechanized Group
Selects Breda Model 30 Light Machine Guns
Construct Panzerarmee Kommand
Pak 38 Anti-tank Gun Team
Panzer III L Medium Tank
Vehicle Survival Package
Flakvierling Half-track
le.IG 18 Mechanized Group
Flak 36 Anti-tank Gun Team
Selects Semovente da 75/18 Assault Gun
Selects Strafing Run
Selects Artillery Cover
Panzerpioneer Squad
Panzer III L Medium Tank
Panzer III L Medium Tank
Panzer III L Medium Tank
2.5-tonne Medical Truck
AI Takeover
Hareun
Bradare
19禁
JT
0
0
Comments
sign in to comment!
No comments posted yet!